 Dungeon Crawl Stone Soup version 0.27-a0-760-gc38aae387d (webtiles) character file.

Game seed: 1890362982038273699

8346 wakim the Spear-Bearer (level 11, -3/86 HPs)
             Began as a Merfolk Gladiator on Mar 26, 2021.
             Was a Priest of Makhleb.
             Slain by Urug
             ... wielding a +2 broad axe of flaming
              (8 damage)
             ... while paralysed by Urug
             ... on level 1 of the Lair of Beasts.
             The game lasted 00:52:56 (14970 turns).

wakim the Spear-Bearer (Merfolk Gladiator)         Turns: 14970, Time: 00:52:57

Health: -3/86      AC: 13    Str: 16    XL:     11   Next: 29%
Magic:  17/17      EV:  2    Int:  9    God:    Makhleb [***...]
Gold:   768        SH:  0    Dex: 16    Spells: 18/18 levels left

rFire    + . .     SeeInvis .   a - +1 spear (flame)
rCold    + . .     Faith    .   j - +1 buckler
rNeg     . . .     Spirit   .   l - +2 ring mail {rF+}
rPois    .         Reflect  .   v - +0 helmet
rElec    .         Harm     .   (no cloak)
rCorr    .         Rampage  .   t - +0 pair of gloves
Will     +....                  A - +2 pair of boots
Stlth    ++........             C - amulet of regeneration
HPRegen  1.24/turn              o - ring of protection from cold
MPRegen  0.15/turn              u - ring of willpower

@: paralysed
A: (nimble swimmer 2), mertail
a: Renounce Religion, Minor Destruction, Lesser Servant of Makhleb


You were on level 1 of the Lair of Beasts.
You worshipped Makhleb.
Makhleb was most pleased with you.
You visited 3 branches of the dungeon, and saw 12 of its levels.

You collected 768 gold pieces.

Inventory:

Hand Weapons
 a - a +1 spear of flaming (weapon)
 b - a +0 hunting sling
 m - a +1 vorpal spear
 s - a +1 trident
Missiles
 c - 47 poisoned darts
 d - 3 throwing nets
 B - 28 sling bullets
Armour
 j - a +1 buckler (worn)
 l - a +2 ring mail of fire resistance (worn)
 n - a +2 robe of willpower
 t - a +0 pair of gloves (worn)
 v - a +0 helmet (worn)
 y - a +0 tower shield
 A - a +2 pair of boots (worn)
Jewellery
 f - a ring of ice
 k - a ring of fire
 o - a ring of protection from cold (right hand)
 u - a ring of willpower (left hand)
 x - an amulet of faith
 C - an amulet of regeneration (around neck)
Wands
 e - a wand of charming (13)
 h - a wand of acid (7)
 i - a wand of iceblast (14)
 p - a wand of paralysis (8)
 q - a wand of flame (21) (quivered)
 r - a wand of random effects (22)
Scrolls
 g - a scroll of enchant armour
 Y - 7 scrolls of teleportation {@r3}
Potions
 w - a potion of attraction {unknown}
 z - a potion of brilliance {unknown}
 D - a potion of resistance {unknown}
 J - 3 potions of curing {@q1}
 L - 2 potions of flight
 M - 2 potions of might
 N - a potion of heal wounds {@q2}


   Skills:
 + Level 8.2 Fighting
 - Level 12.0 Polearms
 - Level 2.0 Throwing
 - Level 4.0 Armour
 - Level 10.0 Dodging
 - Level 4.0 Stealth
 - Level 4.0 Shields
 - Level 4.0 Spellcasting
 - Level 5.0 Transmutations
 - Level 4.1 Invocations
 - Level 4.1 Evocations


You had 18 spell levels left.
You didn't know any spells.
Your spell library contained the following spells:

 Spells                   Type           Power      Damage    Failure   Level
 Passwall                 Tmut/Erth      5%         N/A       26%         2
 Animate Skeleton         Necr           2%         N/A       43%         1
 Apportation              Tloc           2%         N/A       43%         1
 Corona                   Hex            1%         N/A       43%         1
 Magic Dart               Conj           4%         1d3       43%         1
 Sandblast                Erth           2%         2d4       43%         1
 Summon Small Mammal      Summ           4%         N/A       43%         1
 Searing Ray              Conj           2%         3d3       58%         2
 Dazzling Flash           Conj/Hex       2%         N/A       82%         3
 Stone Arrow              Conj/Erth      2%         3d7       82%         3
 Petrify                  Tmut/Erth      6%         N/A       86%         4
 Fulminant Prism          Conj/Hex       0%         3d6       99%         4
 Iskenderun's Mystic Bla  Conj/Tloc      1%         2d3       99%         4
 Lee's Rapid Deconstruct  Erth           0%         3d5*      100%        5


Dungeon Overview and Level Annotations

Branches:
Dungeon (10/15)            Temple (1/1) D:4            Lair (1/6) D:10
    Orc: D:9-12

Altars:
Ashenzari
Cheibriados
Dithmenos
Elyvilon
Fedhas
Gozag
Hepliaklqana
Kikubaaqudgha
Makhleb
Nemelex Xobeh
Okawaru
Qazlal
Ru
Sif Muna
Trog
Uskayaw
Vehumet
Wu Jian
Xom
Yredelemnul
Zin
The Shining One

Shops:
D:3 !   D:5 ?   D:9 :

Annotations:
D:8 Erica
Lair:1 Urug


Innate Abilities, Weirdness & Mutations

((You are quick and stealthy while swimming. (Stealth+, EV+, Speed+++)))
Your lower body shifts to a powerful aquatic tail in water.


Message History

Your ynoxinul gestures at Urug.
The iron shot hits Urug!
You catch the helpless Urug completely off-guard!
You hit Urug. You burn Urug.
Urug is moderately wounded.
You barely miss Urug.
Urug is moderately wounded.
Urug zaps a wand.
You suddenly lose the ability to move!
The now-empty wand crumbles to dust.
Your ufetubus hits Urug.
Your ufetubus barely misses Urug.
Your ynoxinul hits Urug. Your ufetubus misses Urug.
Your ufetubus closely misses Urug.
Your ufetubus barely misses Urug.
Your ufetubus closely misses Urug. x2
Urug hits you with a +2 broad axe of flaming!
Urug burns you.
Urug hits your ynoxinul with a +2 broad axe of flaming!!
Urug burns your ynoxinul.
Urug hits your ufetubus with a +2 broad axe of flaming!
Urug burns your ufetubus.
Your ufetubus dies!
Your ynoxinul closely misses Urug.
Your ufetubus closely misses Urug. x2
Urug hits you with a +2 broad axe of flaming!!
Urug hits your ufetubus with a +2 broad axe of flaming!
Urug burns your ufetubus.
Your ufetubus dies!
Urug hits your ynoxinul with a +2 broad axe of flaming!!
Urug burns your ynoxinul.
Your ynoxinul dies!
Urug mutters, "Sometimes I wonder if they all really are harpies."
Urug hits you with a +2 broad axe of flaming!!
* * * LOW HITPOINT WARNING * * *
Urug burns you.
* * * LOW HITPOINT WARNING * * *
Urug hits you with a +2 broad axe of flaming!!
* * * LOW HITPOINT WARNING * * *
Urug burns you.
* * * LOW HITPOINT WARNING * * *
Urug roars.
Urug hits you with a +2 broad axe of flaming!
You die...

#P...#### ##....## #..#
#....# #.....P####..##
##...# #............# #..)#
#...........^# #...####
##...........# #..<#..#
#............# #.......
#...........######.......
#......o@................
#...####.##.......###.#+#
........P#
####.......#..(...
............##
#.......#......
............#
#.......#......
...........$#
####......^#####.#
.....o......
...................
...........
...P##.#.###....###
......................#..###
#


You could see Urug.

Vanquished Creatures
  2 komodo dragons
  A hornet (D:8)
  Grinder (D:3)
  Sigmund (D:2)
  A shadow (D:10)
  5 yaks (D:9)
  3 wyverns
  2 wraiths
  Grum (Lair:1)
  A steam dragon (D:9)
  Edmund (D:4)
  2 water moccasins (D:7)
  A hornet zombie (D:6)
  The ghost of emiel the Ruffian, an amateur TrDe (D:5)
  2 ice beasts (D:7)
  3 orc warriors
  A sky beast (D:5)
  2 ogres
  2 necrophages
  The ghost of Lanoc the Cudgeller, an amateur DrWn (D:4)
  A wolf (Lair:1)
  5 centaurs
  3 phantoms (D:5)
  A kobold brigand (D:10)
  2 bullfrogs
  Blork the orc (D:4)
  An elf zombie (D:7)
  A wyvern zombie (D:9)
  A water moccasin zombie (D:5)
  2 scorpions
  6 killer bees (D:9)
  5 wights
  A howler monkey (D:9)
  2 human zombies (D:7)
  A centaur zombie (D:8)
  3 hounds
  A gnoll shaman (D:10)
  4 orc priests
  2 centaur skeletons
  A jelly (D:7)
  Jessica (D:3)
  5 orc wizards
  6 worker ants
  2 killer bee zombies
  A bullfrog simulacrum (D:4)
  2 ogre zombies (D:7)
  4 mummies (D:7)
  A howler monkey zombie (D:10)
  A howler monkey skeleton (D:4)
  3 gnolls
  8 adders
  A hound simulacrum (D:4)
  A shadow imp (D:5)
  4 white imps
  2 worker ant simulacra (D:4)
  2 adder skeletons
  A worm (D:2)
  2 dart slugs
  2 adder simulacra (D:4)
  26 orcs
  4 ball pythons
  7 endoplasms
  A giant cockroach (D:1)
  8 goblins
  6 hobgoblins
  3 jackals (D:3)
  4 quokkas
  2 bats
  2 frilled lizards
  15 kobolds
  An orc zombie (D:7)
  6 rats
212 creatures vanquished.

Vanquished Creatures (collateral kills)
  2 hydras (Lair:1)
  A cane toad (Lair:1)
  A wolf (Lair:1)
  A bullfrog (Lair:1)
  5 gnolls (D:10)
  A frilled lizard (D:3)
11 creatures vanquished.

Vanquished Creatures (others)
  A fungus (Lair:1)
  2 withered plants (D:5)
3 creatures vanquished.

Grand Total: 226 creatures vanquished

Notes
Turn   | Place    | Note
-------+----------+-------------------------------------------
     0 | D:1      | wakim the Merfolk Gladiator began the quest for the Orb.
     0 | D:1      | Reached XP level 1. HP: 16/16 MP: 1/1
   589 | D:1      | Reached XP level 2. HP: 21/23 MP: 2/2
   740 | D:1      | Reached skill level 5 in Polearms
  1377 | D:2      | Reached XP level 3. HP: 24/28 MP: 3/3
  1759 | D:2      | Found a glowing silver altar of Zin.
  1762 | D:2      | Found an ancient bone altar of Kikubaaqudgha.
  1766 | D:2      | Found a burning altar of Makhleb.
  2204 | D:2      | Noticed Sigmund
  2922 | D:3      | Reached XP level 4. HP: 34/34 MP: 4/4
  2984 | D:3      | Noticed an ogre
  3037 | D:3      | Found Ukketat's Distillery.
  3187 | D:3      | Noticed Jessica
  3192 | D:3      | Killed Jessica
  3193 | D:3      | Reached skill level 1 in Shields
  3358 | D:4      | Found a runed translucent gate.
  3358 | D:4      | Found a runed translucent gate.
  3359 | D:4      | Found a runed translucent gate.
  3442 | D:4      | Noticed a necrophage
  3503 | D:4      | Reached skill level 1 in Stealth
  3503 | D:4      | Reached XP level 5. HP: 25/41 MP: 5/5
  3912 | D:4      | Noticed Edmund
  4007 | D:4      | Found a staircase to the Ecumenical Temple.
  4009 | D:4      | Noticed Grinder
  4021 | D:4      | Paralysed by Grinder for 5 turns
  4025 | D:4      | Noticed an orc warrior
  4060 | D:3      | Paralysed by Grinder for 4 turns
  4074 | D:3      | Killed Grinder
  4075 | D:3      | Reached XP level 6. HP: 20/47 MP: 0/6
  4369 | D:2      | Became a worshipper of Makhleb the Destroyer
  5386 | D:4      | Reached XP level 7. HP: 46/52 MP: 5/8
  5582 | Temple   | Entered the Ecumenical Temple
  5888 | D:4      | Noticed Lanoc's ghost (amateur DrWn)
  5987 | D:4      | Noticed Blork the orc
  6009 | D:4      | Killed Blork the orc
  6010 | D:4      | Reached skill level 6 in Polearms
  6010 | D:4      | Reached skill level 5 in Dodging
  6446 | D:4      | Killed Edmund
  6771 | D:3      | Reached XP level 8. HP: 38/60 MP: 5/11
  6960 | D:2      | Killed Sigmund
  7222 | D:5      | Entered Level 5 of the Dungeon
  7300 | D:5      | Found a runed translucent door.
  7300 | D:5      | Noticed emiel's ghost (amateur TrDe)
  7417 | D:5      | Reached skill level 7 in Polearms
  7451 | D:5      | Reached skill level 1 in Armour
  7451 | D:5      | Reached skill level 1 in Evocations
  7611 | D:5      | Reached * piety under Makhleb
  7766 | D:5      | Identified the +2 chain mail "Leroa" {Rampage Int+7 Dex+3}
  8016 | D:5      | Found Osued's Magic Scroll Emporium.
  8142 | D:5      | Reached XP level 9. HP: 64/66 MP: 10/12
  8445 | D:5      | Killed emiel's ghost
  8570 | D:4      | Reached skill level 5 in Fighting
  8626 | D:4      | Killed Lanoc's ghost
  8627 | D:4      | Reached skill level 8 in Polearms
  8882 | D:6      | Found a radiant altar of Vehumet.
  9201 | D:6      | Found a shimmering blue altar of Sif Muna.
  9685 | D:7      | Reached ** piety under Makhleb
 10014 | D:7      | Reached skill level 9 in Polearms
 10238 | D:7      | Found an ancient bone altar of Kikubaaqudgha.
 10259 | D:7      | Reached XP level 10. HP: 70/76 MP: 11/13
 10916 | D:8      | Reached skill level 10 in Polearms
 11159 | D:8      | Noticed Erica
 11778 | D:9      | Found Lewn's Book Boutique.
 11827 | D:9      | Reached skill level 10 in Dodging
 12062 | D:9      | Reached skill level 1 in Spellcasting
 12684 | D:9      | Reached *** piety under Makhleb
 12699 | D:9      | Reached skill level 1 in Transmutations
 12741 | D:9      | Reached skill level 11 in Polearms
 13473 | D:10     | Entered Level 10 of the Dungeon
 13973 | D:10     | Found a staircase to the Lair.
 14000 | D:10     | Reached XP level 11. HP: 84/84 MP: 14/16
 14256 | Lair:1   | Entered Level 1 of the Lair of Beasts
 14369 | Lair:1   | Noticed Urug
 14503 | Lair:1   | Noticed Grum
 14535 | Lair:1   | Killed Grum
 14623 | Lair:1   | Noticed a four-headed hydra
 14631 | Lair:1   | Killed a four-headed hydra
 14635 | Lair:1   | Reached skill level 12 in Polearms
 14635 | Lair:1   | Reached skill level 5 in Transmutations
 14646 | Lair:1   | Noticed a five-headed hydra
 14665 | Lair:1   | Killed a five-headed hydra
 14964 | Lair:1   | Paralysed by Urug for 6 turns
 14969 | Lair:1   | HP: 4/86 [Urug/+2 broad axe of flaming (2)]
 14970 | Lair:1   | Slain by Urug

Illustrated notes

Levels and vault maps discovered:
D:1:      mrwooster_arrival_arrow, layout_basic
D:2:      layout_loops_corners, grunt_temple_overflow_diamond, uniq_sigmund
D:3:      layout_rooms, serial_shops, shop_fountains, st_stairs_12, uniq_jessica
D:4:      layout_loops_ring, minmay_temple_entry_glass, gammafunk_ghost_icy,
          uniq_grinder, uniq_blork_the_orc, uniq_edmund
D:5:      layout_loops_corners, gammafunk_ghost_grave, serial_shops,
          nicolae_shop_trees
D:6:      layout_gridville, lemuel_round_altar, basic_altar, minivault_10,
          chequers_garden
D:7:      layout_rooms, lemuel_mausoleum_altar_kikubaaqudgha
D:8:      layout_basic, minivault_25, uniq_erica
D:9:      layout_loops_ring, serial_shops, nicolae_shop_trees
D:10:     layout_roguey, lair_entry_dummy
Temple:   eino_narrow_crystal_temple
Lair:1:   layout_chaotic_city, uniq_urug, uniq_grum

Skill      XL: |  1  2  3  4  5  6  7  8  9 10 11 |
---------------+----------------------------------+-----
Polearms       | 5 6 7 9 11 12 | 12.0
Fighting       | 3 4 6 7 8 |  8.2
Shields        | 1 3 4 |  4.0
Stealth        | 1 4 |  4.0
Invocations    | 2 4 |  4.1
Dodging        | 6 7 9 10 | 10.0
Armour         | 1 3 4 |  4.0
Evocations     | 3 4 |  4.1
Spellcasting   | 3 4 |  4.0
Transmutations | 3 5 |  5.0
Throwing       | |  2.0

Action                   |  1- 3 |  4- 6 |  7- 9 | 10-12 || total
-------------------------+-------+-------+-------+-------++-------
Melee: Trident           |   132 |   180 |   250 |    91 ||   653
       Spear             |       |       |   282 |   450 ||   732
 Fire: Hunting sling     |       |     9 |    16 |    13 ||    38
Invok: Minor Destruction |       |       |     2 |    13 ||    15
       Lesser Servant of |       |       |       |     5 ||     5
Evoke: Wand              |       |       |    27 |    25 ||    52
  Use: Scroll            |     2 |     3 |     3 |     9 ||    17
       Potion            |       |     3 |       |     1 ||     4
 Stab: Petrified         |       |       |    19 |       ||    19
       Confused          |       |       |     4 |       ||     4
       Sleeping          |       |       |    11 |     5 ||    16
       Distracted        |       |       |     2 |     1 ||     3
Armor: Leather armour    |     6 |       |       |       ||     6
       Ring mail         |    23 |    43 |    59 |   103 ||   228
Dodge: Dodged            |    52 |    75 |   139 |   181 ||   447
Block: Buckler           |     2 |    45 |   100 |    94 ||   241

Table legend: (Time is in decaauts)
 A = Elapsed time spent in this place.
 B = Non-inter-level travel time spent in this place.
 C = Inter-level travel time spent in this place.
 D = Time resting spent in this place.
 E = Time spent auto-exploring this place.
 F = Levels seen in this place.
 G = Mean time per level.
                   A        B        C        D        E       F      G
               +--------+--------+--------+--------+--------+-----+--------+
         Total |  14688 |  13819 |    869 |   1532 |   8291 |  12 | 1224.0 |
       Dungeon |  13847 |  12991 |    856 |   1399 |   7869 |  10 | 1384.7 |
        Temple |    197 |    184 |     13 |      0 |    183 |   1 |  197.0 |
          Lair |    643 |    643 |      0 |    133 |    239 |   1 |  643.0 |
               +--------+--------+--------+--------+--------+-----+--------+

Top non-repeatable levels by time:
     D:2: 2029 daAuts
     D:4: 1959 daAuts
     D:3: 1856 daAuts
     D:1: 1377 daAuts
     D:8: 1377 daAuts
     D:9: 1311 daAuts
     D:5: 1285 daAuts
     D:7: 975 daAuts
     D:6: 920 daAuts
    D:10: 754 daAuts
  Lair:1: 643 daAuts
  Temple: 197 daAuts
